[Event "Titled Tuesday Blitz May 9 Late 2023"]
[White "Sanhueza, Cristian"]
[Black "Riehle, Marco"]
[WhiteFideId "116815"]
[BlackFideId "12904392"]
[WhiteElo "2174"]
[BlackElo "2462"]
[Result "0-1"]
[Round "02"]
[TimeControl "180+2"]
[Date "2023.05.09"]
[WhiteClock "0:00:07"]
[BlackClock "0:00:43"]

1. e4 e5 2. Nf3 Nf6 3. d4 Nxe4 4. Bd3 Nc6 5. Nxe5 Nxe5 6. dxe5 Nc5 7. O-O d6 8. exd6 Bxd6 9. Re1+ Be6 10. Nc3 Nxd3 11. Qxd3 O-O 12. Ne4 Be7 13. Qg3 Bf5 14. Bf4 c6 15. Rad1 Qa5 16. Nd6 Bxd6 17. Bxd6 Rfe8 18. Be5 Bg6 19. h4 h5 20. Qc3 Qxc3 21. Bxc3 Rxe1+ 22. Rxe1 Bxc2 23. Re7 b5 24. f3 Bb1 25. a3 Ba2 26. Kf2 a5 27. b4 axb4 28. axb4 Bd5 29. Bd4 Kh7 30. Kg3 Ra4 31. Bc5 Ra2 32. Re1 Rb2 33. Rf1 Bc4 34. Rf2 Rb1 35. Rd2 Kg6 36. Rd6+ f6 37. Rxc6 Rb2 38. Rc7 Bf1 39. Bf8 Rxg2+ 40. Kf4 Kh7 41. Rc5 Kh6 42. Rc6 Kg6 43. Rc7 Kh6 44. Rc6 Rg6 45. Rc5 Be2 46. Rc7 Kh7 47. Rd7 Rg1 48. Rc7 Rf1 49. Rc3 Kh6 50. Re3 Bd1 51. Re6 Rxf3+ 52. Ke4 Rf1 53. Ke3 Re1+ 0-1


[Site "https://www.chess.com"]

[Event "Titled Tuesday Blitz May 9 Late 2023"]
[White "Kravtsiv, Martyn"]
[Black "Defend1r"]
[WhiteFideId "14113147"]
[WhiteElo "2695"]
[BlackElo "2544"]
[Result "1-0"]
[Round "02"]
[TimeControl "180+2"]
[Date "2023.05.09"]
[WhiteClock "0:01:59"]
[BlackClock "0:01:25"]

1. e4 c5 2. Nf3 d6 3. Bb5+ Nd7 4. d4 cxd4 5. Qxd4 a6 6. Bxd7+ Bxd7 7. O-O e5 8. Qd3 Rc8 9. c4 Qc7 10. b3 b5 11. Na3 bxc4 12. Nxc4 h6 13. Ba3 Bb5 14. Rfc1 d5 15. Nd6+ Bxd6 16. Rxc7 Bxd3 17. Rxc8+ Kd7 18. Bxd6 Kxc8 19. Nxe5 dxe4 20. Rc1+ Kb7 21. Rc7+ Kb6 22. Nd7+ Kb5 23. Rc5+ Kb4 24. Rc4+ Kb5 25. a4+ Ka5 26. Bc7# 1-0


[Site "https://www.chess.com"]

[Event "Titled Tuesday Blitz May 9 Late 2023"]
[White "Garcia Cuenca, Victor"]
[Black "Kobo, Ori"]
[WhiteFideId "2250829"]
[BlackFideId "2812320"]
[WhiteElo "2329"]
[BlackElo "2454"]
[Result "0-1"]
[Round "02"]
[TimeControl "180+2"]
[Date "2023.05.09"]
[WhiteClock "0:00:02"]
[BlackClock "0:00:33"]

1. d4 Nf6 2. Nf3 g6 3. g3 Bg7 4. Bg2 d6 5. O-O O-O 6. c4 Bf5 7. Nc3 Ne4 8. Nd5 c6 9. Ne3 Be6 10. b3 f5 11. Bb2 a5 12. Qc2 Bf7 13. Rad1 a4 14. b4 a3 15. Ba1 d5 16. Ne5 Be6 17. b5 Kh8 18. bxc6 bxc6 19. f3 Nf6 20. Rb1 Nfd7 21. Rfd1 f4 22. gxf4 Rxf4 23. cxd5 cxd5 24. Nc6 Nxc6 25. Qxc6 Nf8 26. Nf1 Rc8 27. Qa4 Qd6 28. e3 Rf7 29. e4 Rc4 30. Qe8 Rc8 31. Qa4 Qf4 32. Ng3 Qe3+ 33. Kh1 Rc4 34. Qe8 Rc8 35. Qa4 h5 36. Rb3 Qf4 37. Rxa3 h4 38. Ne2 Qh6 39. Ng1 Rc4 40. Qe8 Rc8 41. Qa4 Rc1 42. Rad3 h3 43. Bf1 dxe4 44. Bb2 Rc4 45. Qb3 exd3 46. d5 Bxd5 0-1


[Site "https://www.chess.com"]

[Event "Titled Tuesday Blitz May 9 Late 2023"]
[White "Peng, Li Min"]
[Black "ArtemDyachuk"]
[WhiteFideId "14112620"]
[WhiteElo "2436"]
[BlackElo "2535"]
[Result "1-0"]
[Round "02"]
[TimeControl "180+2"]
[Date "2023.05.09"]
[WhiteClock "0:02:18"]
[BlackClock "0:00:08"]

1. e4 c6 2. d4 d5 3. Nc3 dxe4 4. Nxe4 Nf6 5. Nxf6+ exf6 6. c3 Bd6 7. Bd3 Na6 8. Qc2 Nc7 9. Ne2 Nd5 10. O-O Be6 11. a3 h5 12. f4 b5 13. f5 Bd7 14. b3 Qc7 15. h3 c5 16. c4 bxc4 17. bxc4 Ne7 18. d5 h4 19. Rb1 Rh5 20. Nc3 Be5 21. Nb5 Bxb5 22. Rxb5 Nc8 23. Be3 Bd4 24. Bxd4 cxd4 25. Qe2+ Kf8 26. Qxh5 1-0


[Site "https://www.chess.com"]

[Event "Titled Tuesday Blitz May 9 Late 2023"]
[White "Sreyas Payyappat"]
[Black "Pakleza, Zbigniew"]
[WhiteFideId "46674969"]
[BlackFideId "1119290"]
[WhiteElo "2043"]
[BlackElo "2410"]
[Result "0-1"]
[Round "02"]
[TimeControl "180+2"]
[Date "2023.05.09"]
[WhiteClock "0:00:00"]
[BlackClock "0:00:54"]

1. e4 d6 2. d4 Nf6 3. Nc3 c6 4. f4 Qb6 5. Nf3 Bg4 6. Be2 Bxf3 7. Bxf3 e5 8. fxe5 dxe5 9. dxe5 Nfd7 10. e6 fxe6 11. Bg4 Na6 12. Bxe6 O-O-O 13. Qd3 Nc5 14. Bxd7+ Rxd7 15. Qh3 Be7 16. O-O Rd8 17. Kh1 Kb8 18. Bf4+ Ka8 19. Rad1 Qxb2 20. Rxd7 Rxd7 21. Bg5 Bxg5 22. Rf8+ Bd8 23. Qf3 Qa1+ 24. Qf1 Qxc3 0-1


[Site "https://www.chess.com"]

[Event "Titled Tuesday Blitz May 9 Late 2023"]
[White "Remizov, Yaroslav"]
[Black "Ozdemir, Serhan Berat"]
[WhiteFideId "34134015"]
[BlackFideId "6374611"]
[WhiteElo "2400"]
[BlackElo "2015"]
[Result "0-1"]
[Round "02"]
[TimeControl "180+2"]
[Date "2023.05.09"]
[WhiteClock "0:00:11"]
[BlackClock "0:00:05"]

1. e4 c5 2. Nf3 e6 3. c3 Nf6 4. e5 Nd5 5. d4 cxd4 6. cxd4 d6 7. Bc4 Nc6 8. O-O Be7 9. Qe2 O-O 10. Nc3 Nxc3 11. bxc3 dxe5 12. dxe5 Qc7 13. Bd3 b6 14. Re1 Bb7 15. Ng5 Bxg5 16. Bxg5 Ne7 17. Qh5 Ng6 18. Re3 Qxc3 19. Rd1 Qc6 20. Be4 Qxe4 21. Rxe4 Bxe4 22. f3 Bd5 23. a3 Rac8 24. h4 Rc4 25. Kh2 h6 26. Rc1 hxg5 27. Rxc4 Bxc4 28. Qxg5 Bd5 29. h5 Nh8 30. Qe7 Ra8 31. Kg3 a5 32. Qd7 g6 33. h6 Kh7 34. f4 Kxh6 35. Qb5 Rg8 36. Qxb6 g5 37. f5 a4 38. Qa5 Rb8 39. Qxa4 Rb2 40. Qe8 Rxg2+ 41. Kh3 Kh7 42. fxe6 Ng6 43. Qxf7+ Kh6 44. e7 Bxf7 45. Kxg2 Be8 46. Kf3 Nxe5+ 47. Ke4 g4 48. Kf4 Kh5 49. a4 Bxa4 50. Kxe5 g3 51. Kd6 g2 52. Kc7 g1=Q 53. Kb7 Qb1+ 54. Ka8 Qe4+ 55. Kb8 Qxe7 0-1


[Site "https://www.chess.com"]

[Event "Titled Tuesday Blitz May 9 Late 2023"]
[White "FoxOnTheRun97"]
[Black "Hambleton, Aman"]
[BlackFideId "2606577"]
[WhiteElo "2529"]
[BlackElo "2511"]
[Result "0-1"]
[Round "02"]
[TimeControl "180+2"]
[Date "2023.05.09"]
[WhiteClock "0:00:06"]
[BlackClock "0:00:13"]

1. d4 e5 2. dxe5 Nc6 3. Nf3 Qe7 4. Qd5 f6 5. Nc3 fxe5 6. Nb5 d6 7. e4 a6 8. Bg5 Nf6 9. Bxf6 gxf6 10. Nc3 Be6 11. Qd2 h5 12. Nd5 Qf7 13. Bc4 Bh6 14. Qc3 O-O-O 15. b4 f5 16. b5 axb5 17. Bxb5 fxe4 18. Bxc6 Bxd5 19. Bxd5 Qxd5 20. Nd2 Rhg8 21. g3 Bxd2+ 22. Qxd2 Qxd2+ 23. Kxd2 Rdf8 24. Rhf1 Rf3 25. Rae1 d5 26. Re3 Rgf8 27. Rxf3 Rxf3 28. Ke2 Rc3 29. Kd2 Ra3 30. h3 Kd7 31. g4 h4 32. Rb1 b6 33. Rb3 Rxa2 34. Re3 Ke6 35. f3 exf3 36. Rxf3 Ra1 37. Rf8 Rh1 38. Re8+ Kd6 39. Rd8+ Kc6 40. Re8 Kd6 41. Rd8+ Kc5 42. Re8 Kd4 43. g5 Rxh3 44. g6 Rh2+ 45. Kc1 Rg2 46. Rh8 Rxg6 47. Rxh4+ e4 48. Kb2 Rg2 49. Rh3 c5 50. Kc1 b5 51. Kd1 b4 52. Kc1 Kc4 53. Kb2 d4 54. Rh1 b3 55. Ka3 Rxc2 56. Rh2 Ra2+ 57. Rxa2 bxa2 58. Kb2 Kd3 59. Ka1 c4 60. Kb2 Ke2 61. Ka1 d3 62. Kb2 e3 63. Ka1 d2 64. Kb2 a1=Q+ 65. Kxa1 c3 66. Ka2 Kd3 67. Ka3 c2 68. Kb4 e2 0-1


[Site "https://www.chess.com"]

[Event "Titled Tuesday Blitz May 9 Late 2023"]
[White "Aydincelebi, Kagan"]
[Black "Kavutskiy, Konstantin"]
[WhiteFideId "6361102"]
[BlackFideId "2026384"]
[WhiteElo "2180"]
[BlackElo "2323"]
[Result "1-0"]
[Round "02"]
[TimeControl "180+2"]
[Date "2023.05.09"]
[WhiteClock "0:01:43"]
[BlackClock "0:00:09"]

1. e4 c5 2. Nf3 Nc6 3. Bb5 g6 4. O-O Bg7 5. c3 Nf6 6. e5 Nd5 7. d4 cxd4 8. cxd4 O-O 9. Nc3 Nxc3 10. bxc3 d6 11. exd6 Qxd6 12. h3 b6 13. Re1 Bb7 14. a4 Rac8 15. Ba3 Qd5 16. Qe2 Rfd8 17. Bc4 Qh5 18. Bxf7+ Kxf7 19. Qe6+ Kf8 20. Bxe7+ Nxe7 21. Qxe7+ Kg8 22. Qxb7 Rxc3 23. Re7 Bf6 24. Re6 Rxf3 25. Qxf3 Qxf3 26. gxf3 Bxd4 27. Rae1 Bc5 28. Re8+ Rxe8 29. Rxe8+ Kf7 30. Ra8 a5 31. Ra7+ Kg8 32. Kg2 h6 33. f4 Kf8 34. Kg3 Kg8 35. f3 Kf8 36. Rb7 h5 37. Kg2 Kg8 38. Kf1 Kf8 39. Ke2 1-0


[Site "https://www.chess.com"]

[Event "Titled Tuesday Blitz May 9 Late 2023"]
[White "Karttunen, Mika"]
[Black "Kuznetsov, Felix"]
[WhiteFideId "502081"]
[BlackFideId "34147990"]
[WhiteElo "2396"]
[BlackElo "2281"]
[Result "0-1"]
[Round "02"]
[TimeControl "180+2"]
[Date "2023.05.09"]
[WhiteClock "0:00:00"]
[BlackClock "0:01:03"]

1. e4 c5 2. Nf3 Nc6 3. Bb5 d6 4. Bxc6+ bxc6 5. c3 e5 6. O-O f5 7. d4 cxd4 8. cxd4 fxe4 9. Ng5 Be7 10. Nxe4 exd4 11. Qxd4 Nf6 12. Bf4 O-O 13. Nxd6 Ba6 14. Rc1 Nd5 15. Qa4 Rxf4 16. Qxa6 Qxd6 17. Rxc6 Qe5 18. Nc3 Nxc3 19. Rxc3 Raf8 20. f3 Bc5+ 21. Kh1 Bb6 22. h3 Rh4 23. Rc4 Bc7 24. f4 Rhxf4 0-1


[Site "https://www.chess.com"]

[Event "Titled Tuesday Blitz May 9 Late 2023"]
[White "Sieciechowicz, Marcin"]
[Black "angelgab3"]
[WhiteFideId "1130170"]
[WhiteElo "2302"]
[BlackElo "2525"]
[Result "1-0"]
[Round "02"]
[TimeControl "180+2"]
[Date "2023.05.09"]
[WhiteClock "0:01:13"]
[BlackClock "0:01:23"]

1. d4 Nf6 2. Bf4 g6 3. e3 Bg7 4. Nf3 O-O 5. h3 c5 6. c3 d6 7. Nbd2 b6 8. Be2 Bb7 9. O-O Nbd7 10. a4 a6 11. Bh2 Ra7 12. Qb3 Qa8 13. Rfd1 Ne4 14. Nxe4 Bxe4 15. Ne1 Bd5 16. Bc4 Bxc4 17. Qxc4 Rb8 18. Qe2 b5 19. a5 Rc7 20. Nf3 b4 21. c4 cxd4 22. exd4 Nf6 23. d5 b3 24. Nd4 Rbc8 25. Nc6 e6 26. Bxd6 Rb7 27. Ne7+ Rxe7 28. Bxe7 exd5 29. Bxf6 Bxf6 30. cxd5 Rc2 31. Qf3 Qd8 32. Qxb3 Rxb2 33. Qc4 Qd6 34. Ra2 Rb4 35. Qc6 Qf4 36. d6 Rd4 37. Rxd4 Qxd4 38. Qxa6 Qd5 39. Qe2 1-0


[Site "https://www.chess.com"]

[Event "Titled Tuesday Blitz May 9 Late 2023"]
[White "Grigorov, Grigor"]
[Black "Grinev, Valeriy"]
[WhiteFideId "2907313"]
[BlackFideId "14117517"]
[WhiteElo "2510"]
[BlackElo "2366"]
[Result "1-0"]
[Round "02"]
[TimeControl "180+2"]
[Date "2023.05.09"]
[WhiteClock "0:00:07"]
[BlackClock "0:00:12"]

1. d4 c5 2. d5 d6 3. e4 g6 4. Nc3 Bg7 5. Bb5+ Nd7 6. a4 Nf6 7. Nf3 O-O 8. a5 a6 9. Be2 Rb8 10. O-O b5 11. axb6 Qxb6 12. h3 h6 13. Nd2 Ra8 14. Nc4 Qb8 15. Na5 Bb7 16. Bf4 Rc8 17. Qd2 Kh7 18. Nc4 Qc7 19. Bg3 Rcb8 20. f4 Ne8 21. e5 a5 22. Bd3 Ba6 23. e6 fxe6 24. dxe6 Ndf6 25. Bxg6+ Kh8 26. b3 Bxc4 27. bxc4 Rb4 28. Qd3 Rab8 29. f5 Qb7 30. Rxa5 Ra8 31. Rfa1 Rxa5 32. Rxa5 Nc7 33. Nb5 Nxb5 34. Rxb5 Rxb5 35. cxb5 Ne4 36. Bf4 Bd4+ 37. Kh2 Kg7 38. Qf3 d5 39. Qh5 Ng5 40. h4 Bf6 41. hxg5 Bxg5 42. Bxg5 hxg5 43. Qxg5 Qc7+ 44. Qg3 Qb6 45. Qe5+ Kh6 46. Qxd5 Qxb5 47. Qd2+ Kg7 48. Qg5 Qb8+ 49. Kh3 Qb2 50. Bf7+ Kh7 51. Qg6+ Kh8 52. Qh6# 1-0


[Site "https://www.chess.com"]

[Event "Titled Tuesday Blitz May 9 Late 2023"]
[White "Holt, Conrad"]
[Black "Kokoszczynski, Jan"]
[WhiteFideId "2034387"]
[BlackFideId "1174460"]
[WhiteElo "2592"]
[BlackElo "2139"]
[Result "1-0"]
[Round "02"]
[TimeControl "180+2"]
[Date "2023.05.09"]
[WhiteClock "0:01:41"]
[BlackClock "0:00:43"]

1. d4 d5 2. c4 e6 3. Nc3 a6 4. cxd5 exd5 5. Bf4 c6 6. e3 Bd6 7. Bg3 Nf6 8. Bd3 O-O 9. Qc2 Be6 10. Nf3 h6 11. Ne5 Qc7 12. f4 c5 13. Bh4 Nbd7 14. f5 Nxe5 15. dxe5 Bxe5 16. Bxf6 Bxf6 17. fxe6 fxe6 18. O-O b5 19. Qe2 b4 20. Na4 c4 21. Bc2 Rad8 22. Rae1 e5 23. Qg4 d4 24. exd4 exd4 25. Be4 Bg5 26. Qe6+ Kh8 27. Qg6 Be3+ 28. Kh1 Rf4 29. Qh7# 1-0


[Site "https://www.chess.com"]

[Event "Titled Tuesday Blitz May 9 Late 2023"]
[White "Ezat, Mohamed"]
[Black "Boruchovsky, Avital"]
[WhiteFideId "10600906"]
[BlackFideId "2800055"]
[WhiteElo "2386"]
[BlackElo "2450"]
[Result "0-1"]
[Round "02"]
[TimeControl "180+2"]
[Date "2023.05.09"]
[WhiteClock "0:00:00"]
[BlackClock "0:00:28"]

1. d4 d5 2. c4 e6 3. Nc3 c6 4. e4 dxe4 5. Nxe4 Bb4+ 6. Bd2 Qxd4 7. Bxb4 Qxe4+ 8. Be2 Qxg2 9. Qd6 Nd7 10. O-O-O Qg5+ 11. f4 Qe7 12. Qd2 c5 13. Bc3 Ngf6 14. Bd3 b6 15. Nf3 Bb7 16. Rhf1 O-O-O 17. Qe2 Kb8 18. Ne5 Ka8 19. Bc2 Nb8 20. Rg1 Rxd1+ 21. Rxd1 Nc6 22. Nxc6 Bxc6 23. Qd2 Rc8 24. Be5 Ne8 25. Bc3 Kb7 26. b3 h6 27. Kb2 Rc7 28. Qe3 Rd7 29. Rxd7+ Qxd7 30. Qg3 Kc8 31. Be5 f6 32. Bc3 Nd6 33. Qg6 Nf5 34. Bxf5 exf5 35. Qh7 Be4 36. Qg8+ Kb7 37. Ka3 a6 38. h4 b5 39. cxb5 axb5 40. Kb2 b4 41. Be1 Qd4+ 0-1


[Site "https://www.chess.com"]

[Event "Titled Tuesday Blitz May 9 Late 2023"]
[White "Tanenbaum, Zachary"]
[Black "Gonzalez, Francisco Silva"]
[WhiteFideId "2060850"]
[BlackFideId "1512285"]
[WhiteElo "2175"]
[BlackElo "2074"]
[Result "1-0"]
[Round "02"]
[TimeControl "180+2"]
[Date "2023.05.09"]
[WhiteClock "0:00:26"]
[BlackClock "0:00:24"]

1. e4 e5 2. Nf3 Nc6 3. Bc4 Bc5 4. c3 Nf6 5. d4 exd4 6. b4 Bb6 7. e5 d5 8. exf6 dxc4 9. Qe2+ Be6 10. b5 d3 11. Qe4 Nb4 12. O-O Nd5 13. fxg7 Rg8 14. Bg5 Qd6 15. Qxh7 f6 16. Re1 O-O-O 17. Bh4 Qd7 18. Nbd2 Rxg7 19. Qe4 Bh3 20. Bg3 Nxc3 21. Qxc4 Ne2+ 22. Rxe2 dxe2 23. gxh3 Qxh3 24. Qxe2 Rxd2 25. Nxd2 Rxg3+ 26. hxg3 Qxg3+ 27. Kf1 Qh3+ 28. Ke1 Kd7 29. Rb1 Ba5 30. Kd1 Qf5 31. Rb3 Bxd2 32. Rd3+ Kc8 33. Qe8# 1-0


[Site "https://www.chess.com"]

[Event "Titled Tuesday Blitz May 9 Late 2023"]
[White "Grycel, Kamil"]
[Black "Milikow, Yoav"]
[WhiteFideId "1115499"]
[BlackFideId "2822237"]
[WhiteElo "2520"]
[BlackElo "2410"]
[Result "0-1"]
[Round "02"]
[TimeControl "180+2"]
[Date "2023.05.09"]
[WhiteClock "0:00:07"]
[BlackClock "0:00:50"]

1. d4 Nf6 2. Nf3 d5 3. Bf4 c5 4. c3 Nc6 5. e3 e6 6. Nbd2 cxd4 7. exd4 Nh5 8. Be5 f6 9. Bg3 g6 10. Bd3 Bd6 11. Qe2 O-O 12. O-O-O e5 13. dxe5 fxe5 14. Bb5 Nxg3 15. hxg3 Bf5 16. Nh4 Be6 17. f4 Qc7 18. Nhf3 Bf5 19. Bxc6 Qxc6 20. fxe5 Qxc3+ 21. bxc3 Ba3# 0-1


[Site "https://www.chess.com"]

[Event "Titled Tuesday Blitz May 9 Late 2023"]
[White "Krzyzanowski, Marcin"]
[Black "Karas, Marek"]
[WhiteFideId "1132199"]
[BlackFideId "14928558"]
[WhiteElo "2471"]
[BlackElo "2233"]
[Result "1-0"]
[Round "02"]
[TimeControl "180+2"]
[Date "2023.05.09"]
[WhiteClock "0:00:42"]
[BlackClock "0:00:04"]

1. Nf3 Nf6 2. d4 d5 3. Bf4 c5 4. e3 e6 5. Nbd2 Bd6 6. c3 O-O 7. Bg3 Qc7 8. dxc5 Qxc5 9. c4 Bxg3 10. hxg3 Nc6 11. Rc1 Rd8 12. cxd5 Qxd5 13. Bc4 Qa5 14. a3 Ne5 15. Nxe5 Qxe5 16. Qc2 Bd7 17. Qc3 Qxc3 18. Rxc3 Bc6 19. f3 Nd5 20. Bxd5 Rxd5 21. e4 Rd4 22. Nb3 Rd6 23. Ke2 Rad8 24. Rhc1 h6 25. Ke3 Bb5 26. Nc5 Ba6 27. Nxa6 bxa6 28. R1c2 R8d7 29. Rc8+ Kh7 30. R8c7 Rd3+ 31. Ke2 Rd2+ 32. Rxd2 Rxc7 33. Kd1 Kg6 34. Rd6 a5 35. Ra6 Kf6 36. Rxa5 Rb7 37. Kc2 Ke7 38. b4 Kd6 39. Rc5 Rb8 40. e5+ Kd7 41. Kc3 h5 42. a4 Rh8 43. Ra5 Ra8 44. b5 Kc7 45. Ra6 Kb7 46. Rd6 Kc7 47. a5 Rh8 48. Rc6+ Kb7 49. Rc4 Rd8 50. Rd4 Rc8+ 51. Kb4 Rc2 52. Rd7+ Kb8 53. Rxf7 Rxg2 54. Kc5 g5 55. a6 h4 56. gxh4 gxh4 57. Rh7 Re2 58. Kd6 Rb2 59. Rh8# 1-0


[Site "https://www.chess.com"]

[Event "Titled Tuesday Blitz May 9 Late 2023"]
[White "WindWhistler11"]
[Black "Rorrer, Grayson"]
[BlackFideId "30944996"]
[WhiteElo "2513"]
[BlackElo "2200"]
[Result "0-1"]
[Round "02"]
[TimeControl "180+2"]
[Date "2023.05.09"]
[WhiteClock "0:00:19"]
[BlackClock "0:00:05"]

1. Nf3 Nf6 2. c4 g6 3. g3 Bg7 4. Bg2 c5 5. d3 O-O 6. O-O d5 7. Nbd2 Nc6 8. a3 a5 9. cxd5 Nxd5 10. Ne4 b6 11. e3 Bb7 12. Qe2 e5 13. Rd1 Qe7 14. Bd2 Rfd8 15. Nc3 Nc7 16. Be1 h6 17. Rac1 Rab8 18. Na4 Ba6 19. Qc2 Rd6 20. b4 axb4 21. axb4 cxb4 22. Nh4 Bb5 23. Nb2 Na6 24. Nc4 Rdd8 25. Bxc6 Bxc6 26. Nxe5 Ba8 27. Nc6 Qb7 28. e4 Rdc8 29. Ne7+ Qxe7 30. Qxc8+ Rxc8 31. Rxc8+ Kh7 32. Rxa8 Qb7 33. Rd8 b3 34. d4 Qxe4 35. Rd7 b2 36. f3 Qc2 37. Rd2 Qxd2 38. Bxd2 b1=Q+ 39. Kg2 Qc2 40. Kh3 Qxd2 41. f4 Nc5 42. Rxf7 Qxd4 43. Nf3 Qd5 44. Ne5 Ne4 45. Rd7 Qe6+ 46. g4 Nf6 47. Rf7 Nxg4 48. Rxg7+ Kxg7 49. Nxg4 h5 50. Kg3 Qxg4+ 51. Kf2 Qxf4+ 52. Ke2 Qxh2+ 53. Kd3 Qg3+ 0-1


[Site "https://www.chess.com"]

[Event "Titled Tuesday Blitz May 9 Late 2023"]
[White "Yanchenko, Roman"]
[Black "Bambino Filho, Antonio Carlos"]
[WhiteFideId "4137329"]
[BlackFideId "2113163"]
[WhiteElo "2491"]
[BlackElo "2513"]
[Result "1-0"]
[Round "02"]
[TimeControl "180+2"]
[Date "2023.05.09"]
[WhiteClock "0:02:35"]
[BlackClock "0:02:04"]

1. d4 Nf6 2. c4 c5 3. Nf3 cxd4 4. Nxd4 e5 5. Nf3 Nc6 6. Nc3 h6 7. g3 d6 8. Bg2 Be7 9. O-O O-O 10. b3 Be6 11. e3 Qd7 12. Re1 Rfd8 13. Bb2 d5 14. cxd5 Nxd5 15. Nxd5 Bxd5 16. Nxe5 Nxe5 17. Bxe5 Qe6 18. Bd4 Bxg2 19. Kxg2 Bf6 20. Qf3 Bxd4 21. exd4 Qd5 22. Rad1 Rac8 23. Re7 Rc2 24. Re8+ Kh7 25. Rxd8 Qxd8 26. Qd3+ 1-0


[Site "https://www.chess.com"]

[Event "Titled Tuesday Blitz May 9 Late 2023"]
[White "Sokolov, Andrei"]
[Black "Bordi, Kevin"]
[WhiteFideId "11600306"]
[BlackFideId "621862"]
[WhiteElo "2473"]
[BlackElo "2742"]
[Result "0-1"]
[Round "02"]
[TimeControl "180+2"]
[Date "2023.05.09"]
[WhiteClock "0:00:15"]
[BlackClock "0:02:08"]

1. d4 d5 2. c4 c6 3. g3 Nf6 4. Nf3 Bf5 5. Bg2 e6 6. O-O Nbd7 7. Qb3 Qb6 8. Nc3 Be7 9. c5 Qxb3 10. axb3 O-O 11. b4 a6 12. Bf4 Rfe8 13. h3 Ne4 14. g4 Bg6 15. Nd2 Nxd2 16. Bxd2 Bf6 17. e3 e5 18. dxe5 Nxe5 19. b3 Bc2 20. g5 Be7 21. f4 Nd3 22. Ne2 Bxb3 23. Nd4 Bc4 24. Rf3 a5 25. Nf5 Bf8 26. Rg3 axb4 27. Nh6+ gxh6 28. gxh6+ Kh8 0-1


[Site "https://www.chess.com"]

[Event "Titled Tuesday Blitz May 9 Late 2023"]
[White "Gorshtein, Ido"]
[Black "Ronka, Erik"]
[WhiteFideId "2815532"]
[BlackFideId "505080"]
[WhiteElo "2415"]
[BlackElo "2264"]
[Result "0-1"]
[Round "02"]
[TimeControl "180+2"]
[Date "2023.05.09"]
[WhiteClock "0:00:24"]
[BlackClock "0:00:30"]

1. e4 c5 2. Nf3 d6 3. d4 cxd4 4. Nxd4 Nf6 5. Nc3 g6 6. Be3 Bg7 7. f3 O-O 8. Qd2 Nc6 9. O-O-O d5 10. exd5 Nxd5 11. Nxc6 bxc6 12. Bd4 e5 13. Bc5 Be6 14. Bc4 Re8 15. Ne4 Qc7 16. h4 Nf4 17. Qc3 Nxg2 18. Bxe6 Rxe6 19. h5 Nf4 20. Kb1 Rd8 21. hxg6 Rxd1+ 22. Rxd1 hxg6 23. Qa3 a5 24. Bd6 Qd8 25. Rd2 Qh4 26. b3 f5 27. Nf2 e4 28. fxe4 fxe4 29. Bxf4 Qxf4 30. Rd8+ Kh7 31. b4 e3 32. Qc1 Qxb4+ 33. Qb2 Qxb2# 0-1


[Site "https://www.chess.com"]

[Event "Titled Tuesday Blitz May 9 Late 2023"]
[White "Bilan, Danila"]
[Black "Bryakin, Mikhail"]
[WhiteFideId "24161918"]
[BlackFideId "4165314"]
[WhiteElo "2182"]
[BlackElo "2467"]
[Result "0-1"]
[Round "02"]
[TimeControl "180+2"]
[Date "2023.05.09"]
[WhiteClock "0:00:04"]
[BlackClock "0:01:16"]

1. d4 Nf6 2. Nf3 c5 3. e3 cxd4 4. exd4 d5 5. h3 Nc6 6. Bd3 g6 7. c3 Bf5 8. O-O Bg7 9. Bf4 O-O 10. Re1 Bxd3 11. Qxd3 Ne4 12. Nbd2 f5 13. Ng5 Qd7 14. f3 Nxg5 15. Bxg5 e5 16. dxe5 Nxe5 17. Qc2 d4 18. Qb3+ Kh8 19. cxd4 Qxd4+ 20. Be3 Qd7 21. Rad1 Qf7 22. Bd4 Nc6 23. Qxf7 Rxf7 24. Bxg7+ Kxg7 25. Nc4 Rd8 26. Rxd8 Nxd8 27. Re8 Nc6 28. Kf2 Rd7 29. Ke3 Kf6 30. f4 Rd4 31. Ne5 Re4+ 32. Kf3 Nxe5+ 33. fxe5+ Rxe5 34. Rh8 Re7 35. h4 Rc7 36. Rb8 b6 37. Ra8 h6 38. g3 g5 39. hxg5+ hxg5 40. Rf8+ Ke5 41. Re8+ Kd4 42. Rd8+ Ke5 43. Re8+ Kd5 44. Rd8+ Ke6 45. Re8+ Re7 46. Rg8 Kf6 47. Rf8+ Kg6 48. Rg8+ Kf6 49. Rf8+ Rf7 50. Ra8 Rh7 51. Rf8+ Ke5 52. Re8+ Kd5 53. Rd8+ Kc4 54. Rf8 f4 55. gxf4 gxf4 56. Rxf4+ Kd3 57. Ra4 Kc2 58. b3 Re7 59. Kf4 a5 60. Kf5 Kc3 61. Kf6 Ra7 62. Ke5 b5 63. Rg4 Rd7 64. Rg3+ Kb4 65. Ke6 Rd4 66. Ke5 Rd2 67. Rg4+ Ka3 68. Rg3 Kxa2 69. Ke4 Ka3 70. Ke3 Rd5 71. Ke4 Rd8 72. Rg5 Kb4 73. Ke3 Rd1 74. Ke4 Rb1 75. Kd4 Rxb3 76. Rg1 Rb2 77. Ra1 Rd2+ 78. Ke3 Rd5 79. Rb1+ Kc3 80. Rc1+ Kb2 81. Rc6 a4 82. Ra6 a3 83. Re6 a2 84. Rd6 Rxd6 0-1


[Site "https://www.chess.com"]

[Event "Titled Tuesday Blitz May 9 Late 2023"]
[White "Rodriguez Fontecha, Marcos"]
[Black "Harshavardhan G B"]
[WhiteFideId "2256576"]
[BlackFideId "25059009"]
[WhiteElo "2249"]
[BlackElo "2323"]
[Result "1-0"]
[Round "02"]
[TimeControl "180+2"]
[Date "2023.05.09"]
[WhiteClock "0:00:03"]
[BlackClock "0:00:06"]

1. d4 Nf6 2. Nf3 g6 3. Bf4 Bg7 4. Nc3 d5 5. Qd2 Ne4 6. Nxe4 dxe4 7. Ne5 c5 8. e3 O-O 9. Be2 Nd7 10. Nc4 Nb6 11. Rd1 Be6 12. Na5 cxd4 13. exd4 Nd5 14. Be3 b6 15. Nb3 f5 16. c4 Nxe3 17. Qxe3 Qc7 18. d5 Bf7 19. Nd4 Rfe8 20. O-O Qe5 21. g3 h6 22. b3 g5 23. Nc6 Qb2 24. Rd2 Qf6 25. f4 Qc3 26. Qxc3 Bxc3 27. Rc2 Bg7 28. Ne5 e6 29. Nxf7 Kxf7 30. Bh5+ Ke7 31. Bxe8 Rxe8 32. Rd2 Rd8 33. Rfd1 Bc3 34. Re2 e5 35. fxe5 Bxe5 36. g4 fxg4 37. Rxe4 Kd6 38. Rxg4 Re8 39. Kg2 Bf4 40. Rf1 Re4 41. Kh1 b5 42. cxb5 Kxd5 43. Rg2 Kc5 44. a4 Re3 45. Rc2+ Kb4 46. Rc4+ Kxb3 47. Rc6 Kxa4 48. b6 Kb5 49. bxa7 Ra3 50. Rxh6 Rxa7 51. h4 Rg7 52. h5 Kc5 53. Rg6 Rh7 54. h6 Kd5 55. Re1 g4 56. Ree6 g3 57. Kg2 Be5 58. Ra6 Bf4 59. Ra5+ Ke4 60. Ra4+ Kf5 61. Raa6 Rd7 62. Raf6+ Ke5 63. Re6+ Kf5 64. Ref6+ Ke5 65. Rf8 Rd2+ 66. Kf3 Rf2+ 67. Kg4 g2 68. Kh3 g1=Q 69. Rxg1 Rh2+ 70. Kg4 Bxh6 71. Rf3 Ke4 72. Re1+ Kd4 73. Rf7 Rd2 74. Kh5 Rh2+ 75. Kg6 Bd2 76. Re8 Kc3 77. Rc7+ Kb2 78. Rd7 Kc2 79. Rb8 Kd1 80. Rc8 Rg2+ 81. Kf5 Ke2 82. Ke6 Rf2 83. Rd5 Be3 84. Re5 Rf4 85. Rg8 Rb4 86. Rg2+ Kf3 87. Rg6 Rb6+ 88. Kf5 Rxg6 89. Kxg6 Bf4 90. Re6 Be3 91. Kf5 Bf2 92. Re4 Kg2 93. Kg4 Kh1 94. Re2 Bg1 95. Re6 Bh2 96. Rh6 Kg2 97. Ra6 Kh1 98. Ra1+ Bg1 99. Ra2 Bh2 100. Kh3 Bg1 101. Rg2 Bd4 102. Rg4 Bg1 103. Kg3 Bb6 104. Rh4+ Kg1 105. Rb4 Bc7+ 106. Kf3 Kh1 107. Rb1+ Kh2 108. Rb2+ Kh1 109. Rb7 Bh2 110. Rh7 Kg1 111. Kg4 Kg2 112. Rd7 Bg1 113. Rd2+ Kh1 114. Rd5 Kg2 115. Rh5 Bh2 116. Ra5 Bg1 117. Ra2+ Kh1 118. Kf3 Bb6 119. Ra6 Bc5 120. Rh6+ Kg1 121. Rg6+ Kh1 122. Rh6+ Kg1 123. Rc6 Ba7 124. Rc7 Bb6 125. Rb7 Bc5 126. Rb5 Ba7 127. Rb1+ Kh2 128. Rb2+ Kh1 129. Ra2 Bc5 130. Ra5 Bd4 131. Rh5+ Kg1 132. Rg5+ Kh1 133. Rd5 Bb6 134. Kg3 Bg1 135. Rh5+ 1-0


[Site "https://www.chess.com"]